 Dungeon Crawl Stone Soup version 0.29-a0-321-gf1c400731a (webtiles) character file.

Game seed: 4568571484987372804

13055 Dabor the Spear-Bearer (level 12, -2/91 HPs)
             Began as a Gnoll Wanderer on Apr 4, 2022.
             Was an Initiate of the Shining One.
             Killed by divine providence
             ... invoked by a meliai
             ... summoned by the darkness of Dithmenos
              (13 damage)
             ... on level 11 of the Dungeon.
             The game lasted 00:41:54 (15396 turns).

Dabor the Spear-Bearer (Gnoll Wanderer)            Turns: 15396, Time: 00:41:54

Health: -2/91      AC: 15    Str: 12    XL:     12   Next: 2%
Magic:  20/23      EV: 17    Int: 15    God:    the Shining One [......]
Gold:   364        SH:  0    Dex: 19    Spells: 9/25 levels left

rFire   x . .      SeeInvis .   u - +5 spear (freeze)
rCold   + . .      Faith    .   (no shield)
rNeg    . . .      Spirit   .   s - +2 leather armour {rPois}
rPois   +          Reflect  .   x - +2 helmet
rElec   .          Harm     .   D - +2 cloak {Will+}
rCorr   .          Rampage  .   (no gloves)
Will    +....                   b - +2 pair of boots
Stlth   ++........              (no amulet)
HPRegen 0.25/turn               w - ring of ice
MPRegen 0.18/turn               I - +6 ring of dexterity

@: glowing
A: fangs 1, strong nose, distributed training
a: Renounce Religion


You were on level 11 of the Dungeon.
You worshipped the Shining One.
The Shining One was noncommittal.
You visited 2 branches of the dungeon, and saw 12 of its levels.

You collected 643 gold pieces.
You spent 279 gold pieces at shops.

Inventory:

Hand Weapons
 e - a +1 short sword of holy wrath
 i - a +3 battleaxe
 j - a +0 halberd of freezing
 k - a +5 trident
 u - a +5 spear of freezing (weapon)
Missiles
 g - 16 poisoned darts
 A - a throwing net
 C - 4 javelins
 G - 5 atropa-tipped darts
Armour
 b - a +2 pair of boots (worn)
 s - a +2 leather armour of poison resistance (worn)
 x - a +2 helmet (worn)
 D - a +2 cloak of willpower (worn)
Jewellery
 w - a ring of ice (left hand)
 H - a ring of flight
 I - a +6 ring of dexterity (right hand)
Wands
 a - a wand of flame (53)
 n - a wand of mindburst (13)
 r - a wand of polymorph (6)
Scrolls
 c - 2 scrolls of blinking
 h - a scroll of amnesia
 m - 3 scrolls of teleportation
 o - 6 scrolls of identify
 p - 2 scrolls of vulnerability
 v - 2 scrolls of enchant weapon
 y - 3 scrolls of magic mapping
 B - 2 scrolls of fog
 F - 2 scrolls of enchant armour
 L - a scroll of fear
Potions
 f - 3 potions of attraction
 l - 2 potions of brilliance
 q - a potion of haste
 t - 2 potions of heal wounds
 z - a potion of lignification
 E - 2 potions of curing
 K - a potion of invisibility {unknown}
Miscellaneous
 J - a lightning rod (1/4)


   Skills:
 + Level 7.3 Fighting
 + Level 6.8 Short Blades
 + Level 6.8 Long Blades
 + Level 6.8 Axes
 + Level 6.8 Maces & Flails
 + Level 10.9 Polearms
 + Level 6.8 Staves
 + Level 6.8 Slings
 + Level 6.8 Bows
 + Level 6.8 Crossbows
 + Level 6.8 Throwing
 + Level 6.8 Armour
 + Level 9.5 Dodging
 + Level 6.8 Stealth
 + Level 6.8 Shields
 + Level 6.8 Unarmed Combat
 + Level 7.4 Spellcasting
 + Level 5.6 Conjurations
 + Level 5.6 Hexes
 + Level 6.1 Summonings
 + Level 5.6 Necromancy
 + Level 5.6 Translocations
 + Level 5.6 Transmutations
 + Level 5.6 Fire Magic
 + Level 5.6 Ice Magic
 + Level 5.6 Air Magic
 + Level 5.6 Earth Magic
 + Level 5.6 Poison Magic
 + Level 7.5 Invocations
 + Level 6.8 Evocations


You had 9 spell levels left.
You knew the following spells:

 Your Spells              Type           Power      Damage    Failure   Level
a - Summon Small Mammal   Summ           96%        N/A       1%          1
b - Call Canine Familiar  Summ           24%        N/A       3%          3
c - Summon Ice Beast      Ice/Summ       35%        N/A       14%         4
d - Olgreb's Toxic Radia  Pois           22%        N/A       16%         4
e - Summon Lightning Spi  Summ/Air       23%        N/A       14%         4

Your spell library contained the following spells:

 Spells                   Type           Power      Damage    Failure   Level
 Animate Skeleton         Necr           44%        N/A       1%          1
 Pain                     Necr           88%        1d8       1%          1
 Scorch                   Fire           44%        2d7       2%          2
 Dazzling Flash           Conj/Hex       44%        N/A       4%          3
 Summon Guardian Golem    Hex/Summ       23%        N/A       4%          3
 Vampiric Draining        Necr           22%        2d7       4%          3
 Airstrike                Air            11%        N/A       16%         4
 Flame Wave               Conj/Fire      22%        2d7       16%         4
 Iskenderun's Mystic Bla  Conj/Tloc      22%        2d6       16%         4
 Summon Forest            Summ/Tloc      11%        N/A       36%         5
 Summon Mana Viper        Hex/Summ       23%        N/A       36%         5
 Lightning Bolt           Conj/Air       11%        1d24      38%         5
 Summon Cactus Giant      Summ           12%        N/A       88%         6
 Conjure Ball Lightning   Conj/Air       11%        3x3d6     93%         6
 Eringya's Noxious Bog    Tmut/Pois      11%        N/A       93%         6
 Starburst                Conj/Fire      11%        6d5       93%         6
 Monstrous Menagerie      Summ           12%        N/A       100%        7
 Orb of Destruction       Conj           11%        9d6       100%        7
 Ozocubu's Refrigeration  Ice            16%        4d8       100%        7
 Spellforged Servitor     Conj/Summ      11%        N/A       100%        7
 Summon Hydra             Summ           12%        N/A       100%        7
 Borgnjor's Revivificati  Necr           11%        N/A       100%        8
 Discord                  Hex            11%        N/A       100%        8
 Disjunction              Tloc           11%        N/A       100%        8
 Ignition                 Fire           11%        3d5       100%        8
 Necromutation            Tmut/Necr      11%        N/A       100%        8
 Death's Door             Necr           11%        N/A       100%        9


Dungeon Overview and Level Annotations

Branches:
Dungeon (11/15)            Temple (1/1) D:5            Lair (0/6) D:11
    Orc (0/2) D:9

Altars:
Ashenzari
Cheibriados
Dithmenos
Elyvilon
Fedhas
Gozag
Hepliaklqana
Kikubaaqudgha
Makhleb
Nemelex Xobeh
Okawaru
Qazlal
Ru
Sif Muna
Trog
Uskayaw
Vehumet
Wu Jian
Xom
Yredelemnul
Zin
The Shining One

Shops:
D:9 [

Annotations:
D:7 2 transporters, Murumi's ghost, amateur DjMo


Innate Abilities, Weirdness & Mutations

You have very sharp teeth.
Your uncanny sense of smell can sniff out nearby items.
Your experience applies equally to all skills.


Message History

The bolt of electricity hits the ballistomycete!
Your ice beast seems less confused.
Your lightning spire shoots out a bolt of lightning at the ballistomycete!
The bolt of electricity hits the ballistomycete!
Your lightning spire shoots out a bolt of lightning at the ballistomycete!
The bolt of electricity hits the ballistomycete!
The ballistomycete is destroyed!
Your lightning rod (1/4) has regained one charge.
You hear an explosion!
You start resting.
Your ice beast disappears in a puff of smoke!
You hear an explosion!
Your lightning spire disappears in a puff of smoke!
Dithmenos weaves monsters from the shadows.
There are monsters nearby!
Okay, then.
The meliai buzzes angrily. x2; The yaktaur shouts! x2
The yaktaur wields a +0 arbalest.
The yaktaur shoots a bolt.
The bolt hits you. The meliai attacks as you move away!
The meliai completely misses you. The meliai closely misses you.
The meliai mumbles some strange prayers to Dithmenos against you.
Dithmenos smites you! The meliai misses you.
The meliai stings you but does no damage.
The meliai invokes the aid of Dithmenos against you.
Dithmenos smites you! The meliai hits you with a +0 hand axe.
The meliai closely misses you.
Blink to where?
Press: ? - help, Dir - move target
As you read the scroll of blinking, it crumbles to dust.
The meliai invokes the aid of Dithmenos against you.
Dithmenos smites you!
The meliai invokes the aid of Dithmenos against you.
Dithmenos smites you!
* * * LOW HITPOINT WARNING * * *
The meliai calls down the wrath of Dithmenos upon you.
Dithmenos smites you!
* * * LOW HITPOINT WARNING * * *
The meliai invokes the aid of Dithmenos against you.
Dithmenos smites you!
You die...

...≈#......# #.#........#...
P...#......# #...#.###.#.#.
.##........###### ##.#..# #...#.
.#..............# ##...###.#.#.
...#.........#..# #..#.##..#...
###...........######..#.####.#.#.
...........c..#.#.#####....#...##
.#####.c..cy...#.## ###....#.#...
#.#.##.y.y.@.# #.#......##.#
##..##..####.# ##.#...#.....
#.########.#.###......##.### ##
#.#.#.#.#..#......
#..#..####.#...... ∆
###.....###...#...
#...##.##..####.## ##..#..##.###
.# #.#...##)## .#


You could see a yaktaur captain (summoned), a yaktaur (summoned) and 3 meliai.

Vanquished Creatures
  Harold (D:10)
  Sonja (D:10)
  A shadow demon (D:10)
  Pikel (D:7)
  Maurice (D:8)
  A gargoyle (D:10)
  Maggie (D:7)
  An orange demon (D:11)
  5 trolls
  2 hornets (D:11)
  4 shadows
  A wyvern (D:8)
  8 yaks
  A steam dragon (D:9)
  A vampire mosquito (D:10)
  An acid dragon (D:10)
  6 orc warriors
  2 ice beasts (D:6)
  A black bear (D:5)
  4 centaurs
  A phantom (D:6)
  3 bullfrogs
  3 scorpions
  11 wights
  4 killer bees
  6 howler monkeys
  9 orc priests
  3 hounds
  6 iguanas
  9 orc wizards
  Ijyb (D:3)
  Natasha (twice) (D:3)
  4 nameless horrors
  4 gnolls (D:2)
  9 adders
  An ufetubus (D:6)
  2 worms
  A dart slug (D:3)
  27 orcs
  3 endoplasms (D:1)
  A giant cockroach (D:4)
  15 goblins
  14 hobgoblins
  6 jackals
  2 kobolds
  2 quokkas (D:2)
  3 ball pythons (D:4)
  7 bats
  A frilled lizard (D:3)
204 creatures vanquished.

Vanquished Creatures (collateral kills)
  A shambling mangrove (D:11)
  A two-headed ogre (D:11)
  Amaemon (D:11)
  A troll (D:6)
  A wind drake (D:8)
  3 yaks
  An ice beast (D:8)
  A black bear (D:7)
  An ogre (D:5)
  A centaur (D:10)
  A lemure (D:7)
  2 scorpions
  A wight (D:5)
  A ballistomycete (D:11)
  3 howler monkeys
  A jelly (D:7)
  Crazy Yiuf (D:7)
  2 iguanas
  An orc wizard (D:6)
  Natasha (D:3)
  Robin (D:4)
  A dart slug (D:5)
  4 orcs
  8 goblins
  A hobgoblin (D:2)
  2 jackals (D:1)
  A ball python (D:1)
  A frilled lizard (D:1)
  A rat (D:2)
46 creatures vanquished.

Vanquished Creatures (others)
  4 ballistomycete spores (D:11)
  5 fungi (D:6)
  10 plants (D:11)
19 creatures vanquished.

Grand Total: 269 creatures vanquished

Notes
Turn   | Place    | Note
-------+----------+-------------------------------------------
     0 | D:1      | Dabor the Gnoll Wanderer began the quest for the Orb.
     0 | D:1      | Dabor set off with the following items: a +0 trident, a +0
                  | pair of boots, a scroll of blinking, a +0 robe; and the
                  | following spell memorised: Summon Small Mammal; and the
                  | following spells available to memorise: Call Canine
                  | Familiar
     0 | D:1      | Reached XP level 1. HP: 17/17 MP: 4/4
   119 | D:1      | Reached XP level 2. HP: 23/23 MP: 2/5
   915 | D:1      | Reached XP level 3. HP: 24/28 MP: 5/7
  1161 | D:1      | Learned a level 3 spell: Call Canine Familiar
  1222 | D:1      | Found a faded altar of an unknown god.
  1287 | D:1      | Prayed at the altar of an unknown god.
  1287 | D:1      | Became a worshipper of Dithmenos the Shadowed
  1287 | D:1      | Reached * piety under Dithmenos
  1728 | D:2      | Reached skill level 1 in Invocations
  1738 | D:2      | Reached skill level 1 in Short Blades
  1738 | D:2      | Reached skill level 1 in Long Blades
  1738 | D:2      | Reached skill level 1 in Axes
  1738 | D:2      | Reached skill level 1 in Maces & Flails
  1738 | D:2      | Reached skill level 1 in Staves
  1738 | D:2      | Reached skill level 1 in Slings
  1738 | D:2      | Reached skill level 1 in Bows
  1738 | D:2      | Reached skill level 1 in Crossbows
  1738 | D:2      | Reached skill level 1 in Throwing
  1738 | D:2      | Reached skill level 1 in Armour
  1738 | D:2      | Reached skill level 1 in Stealth
  1738 | D:2      | Reached skill level 1 in Shields
  1738 | D:2      | Reached skill level 1 in Unarmed Combat
  1738 | D:2      | Reached skill level 1 in Evocations
  1738 | D:2      | Reached XP level 4. HP: 34/34 MP: 4/8
  2391 | D:2      | Reached skill level 1 in Conjurations
  2391 | D:2      | Reached skill level 1 in Hexes
  2391 | D:2      | Reached skill level 1 in Necromancy
  2391 | D:2      | Reached skill level 1 in Translocations
  2391 | D:2      | Reached skill level 1 in Transmutations
  2391 | D:2      | Reached skill level 1 in Fire Magic
  2391 | D:2      | Reached skill level 1 in Ice Magic
  2391 | D:2      | Reached skill level 1 in Air Magic
  2391 | D:2      | Reached skill level 1 in Earth Magic
  2391 | D:2      | Reached skill level 1 in Poison Magic
  2631 | D:3      | Reached XP level 5. HP: 40/40 MP: 9/9
  2652 | D:3      | Noticed Ijyb
  2673 | D:3      | Killed Ijyb
  2952 | D:3      | Reached XP level 6. HP: 47/47 MP: 6/11
  3078 | D:3      | Found a hazy altar of Hepliaklqana.
  3350 | D:3      | Noticed Natasha
  3363 | D:3      | Killed Natasha
  3537 | D:3      | Noticed Natasha
  3549 | D:3      | Killed Natasha
  3549 | D:3      | Reached ** piety under Dithmenos
  3551 | D:3      | Noticed Natasha
  3560 | D:3      | Killed Natasha
  4078 | D:4      | Noticed Robin
  4091 | D:4      | Killed Robin
  4092 | D:4      | Reached XP level 7. HP: 46/52 MP: 10/12
  4488 | D:4      | Found an iron altar of Okawaru.
  4557 | D:4      | Found a burning altar of Makhleb.
  4820 | D:5      | Entered Level 5 of the Dungeon
  4820 | D:5      | Found a hide-covered altar of Uskayaw.
  4912 | D:5      | Reached skill level 9 in Polearms
  5829 | D:5      | Reached XP level 8. HP: 20/51 MP: 6/14
  6249 | D:5      | Found a staircase to the Ecumenical Temple.
  6344 | D:5      | Noticed a yak
  6350 | D:5      | Noticed a yak
  6370 | D:5      | Killed a yak
  6374 | D:5      | Reached *** piety under Dithmenos
  6407 | D:5      | Noticed a yak
  6417 | D:5      | Noticed a yak
  6422 | D:5      | Killed a yak
  6426 | D:5      | Noticed a yak
  6429 | D:5      | Killed a yak
  6429 | D:5      | Noticed a yak
  6597 | D:5      | Killed a yak
  6598 | D:5      | Reached XP level 9. HP: 66/66 MP: 12/16
  6616 | D:5      | Reached skill level 5 in Spellcasting
  7093 | D:6      | Learned a level 4 spell: Summon Ice Beast
  7126 | D:6      | Reached skill level 5 in Fighting
  7297 | D:6      | Noticed a troll
  7304 | D:6      | Killed a troll
  7388 | D:6      | Learned a level 4 spell: Olgreb's Toxic Radiance
  7947 | D:7      | Reached skill level 5 in Invocations
  7955 | D:7      | Noticed Maggie
  7976 | D:7      | HP: 2/68 [Maggie/bolt of fire (10)]
  8462 | D:7      | Killed Maggie
  8463 | D:7      | Reached XP level 10. HP: 49/74 MP: 18/18
  8879 | D:7      | Found a glowing silver altar of Zin.
  8927 | D:7      | Found a sacrificial altar of Ru.
  8933 | D:7      | Noticed Pikel
  8951 | D:7      | Killed Pikel
  8952 | D:7      | Reached skill level 5 in Short Blades
  8952 | D:7      | Reached skill level 5 in Long Blades
  8952 | D:7      | Reached skill level 5 in Axes
  8952 | D:7      | Reached skill level 5 in Maces & Flails
  8952 | D:7      | Reached skill level 10 in Polearms
  8952 | D:7      | Reached skill level 5 in Staves
  8952 | D:7      | Reached skill level 5 in Slings
  8952 | D:7      | Reached skill level 5 in Bows
  8952 | D:7      | Reached skill level 5 in Crossbows
  8952 | D:7      | Reached skill level 5 in Throwing
  8952 | D:7      | Reached skill level 5 in Armour
  8952 | D:7      | Reached skill level 5 in Stealth
  8952 | D:7      | Reached skill level 5 in Shields
  8952 | D:7      | Reached skill level 5 in Unarmed Combat
  8952 | D:7      | Reached skill level 5 in Evocations
  9327 | D:7      | Found a runed translucent door.
  9328 | D:7      | Noticed Crazy Yiuf
  9533 | D:7      | Found a transporter.
  9536 | D:7      | Noticed Murumi's ghost (amateur DjMo)
  9550 | D:7      | Found a transporter.
  9609 | D:7      | Killed Crazy Yiuf
  9838 | D:8      | Noticed Maurice
  9871 | D:8      | Killed Maurice
 10077 | D:8      | Noticed Erica
 10090 | D:8      | Noticed Erica
 10090 | D:8      | Erica changed into Erica the wind drake
 10101 | D:7      | Reached skill level 5 in Summonings
 10203 | D:8      | Killed Erica the wind drake
 10575 | Temple   | Entered the Ecumenical Temple
 10852 | Temple   | Fell from the grace of Dithmenos
 10852 | Temple   | Became a worshipper of the Shining One
 11079 | D:8      | Noticed a death knight
 11396 | D:9      | Found a bloodstained altar of Trog.
 11512 | D:9      | Noticed a nameless horror
 11675 | D:9      | Found an ornate altar of the Wu Jian Council.
 11730 | D:9      | Found Fairphuywk's Armour Shop.
 11730 | D:9      | Found a staircase to the Orcish Mines.
 11742 | D:9      | Was placed under penance by the Shining One
 11749 | D:9      | Reached XP level 11. HP: 42/83 MP: 2/20
 11951 | D:9      | Bought a +2 cloak of willpower for 279 gold pieces
 12057 | D:9      | Noticed a deep elf pyromancer
 12057 | D:9      | Noticed a deep elf pyromancer
 12177 | D:9      | Killed a nameless horror
 12365 | D:9      | Reached skill level 5 in Conjurations
 12365 | D:9      | Reached skill level 5 in Hexes
 12365 | D:9      | Reached skill level 5 in Necromancy
 12365 | D:9      | Reached skill level 5 in Translocations
 12365 | D:9      | Reached skill level 5 in Transmutations
 12365 | D:9      | Reached skill level 5 in Fire Magic
 12365 | D:9      | Reached skill level 5 in Ice Magic
 12365 | D:9      | Reached skill level 5 in Air Magic
 12365 | D:9      | Reached skill level 5 in Earth Magic
 12365 | D:9      | Reached skill level 5 in Poison Magic
 12381 | D:9      | Noticed a shadow demon
 12381 | D:9      | Noticed a shadow demon
 12615 | D:9      | Noticed a shadow demon
 12615 | D:9      | Noticed a shadow demon
 12700 | D:9      | Noticed a shadow demon
 12700 | D:9      | Noticed a shadow demon
 12700 | D:9      | Noticed a shadow demon
 12819 | D:8      | Noticed a Tzitzimitl
 12819 | D:8      | Noticed a shadow demon
 12833 | D:10     | Entered Level 10 of the Dungeon
 13181 | D:10     | Found a shadowy altar of Dithmenos.
 13235 | D:10     | Noticed a two-headed ogre
 13267 | D:10     | Noticed a shadow demon
 13547 | D:10     | Noticed Harold
 13549 | D:10     | Was forgiven by the Shining One
 13558 | D:10     | Noticed Sonja
 13568 | D:10     | Killed Harold
 13595 | D:10     | Killed Sonja
 13597 | D:10     | Killed a shadow demon
 13927 | D:10     | Learned a level 4 spell: Summon Lightning Spire
 14402 | D:11     | Noticed a two-headed ogre
 14417 | D:11     | Killed a two-headed ogre
 14569 | D:11     | Noticed Amaemon
 14596 | D:11     | Killed Amaemon
 14791 | D:11     | Noticed an oklob plant
 14792 | D:11     | Noticed an oklob plant
 15044 | D:11     | an oklob plant changed into a ballistomycete
 15053 | D:11     | Found a staircase to the Lair.
 15263 | D:11     | Noticed a shambling mangrove
 15263 | D:11     | an oklob plant changed into a shambling mangrove
 15299 | D:11     | Killed a shambling mangrove
 15300 | D:11     | Reached XP level 12. HP: 59/91 MP: 3/23
 15391 | D:11     | Noticed a yaktaur captain
 15396 | D:11     | Killed from afar by a meliai

Illustrated notes

Levels and vault maps discovered:
D:1:      dpeg_arrival_rhombi, layout_loops_corners,
          shapermc_ecumenical_altar_hornbeckon
D:2:      layout_basic
D:3:      layout_basic, marbit_many_paths, uniq_natasha, uniq_ijyb
D:4:      kennysheep_the_goblin_king, layout_basic, makhleb_heckhound_becter,
          kennysheep_mini, uniq_robin
D:5:      layout_cave_pools, eat_drink_and_be_merry_uskayaw,
          minmay_temple_entry_offerings, minmay_misc_feat_square,
          columned_hall_lemuel, st_stairs_6, minmay_misc_feat_chi
D:6:      layout_loops_cross, dreamdust_mushroom_princess
D:7:      layout_rooms, zin_scriptorium, nicolae_ru_awakened_eye,
          gammafunk_ghost_smash, uniq_pikel, uniq_maggie,
          uniq_crazy_yiuf_cottage
D:8:      layout_loops_ring, small_statue_intersection, wad_dig_loot,
          uniq_maurice, uniq_erica
D:9:      layout_stronghold, trog_butcher_becter, lemuel_round_altar,
          orc_david_3
D:10:     layout_basic, grunt_dithmenos_shadows, minmay_fractal_squares_5,
          uniq_sonja, uniq_harold
D:11:     layout_big_octagon, dpeg_oklobed_lair, enter_trove_3,
          nicolae_concentric_dashed_squares_wild, uniq_amaemon
Temple:   nicolae_temple_figure_eight

Skill      XL: |  1  2  3  4  5  6  7  8  9 10 11 |
---------------+----------------------------------+-----
Summonings     | 2 3 4 5 6 |  6.1
Invocations    | 1 2 3 4 5 6 7 |  7.5
Short Blades   | 1 2 3 4 5 6 |  6.8
Long Blades    | 1 2 3 4 5 6 |  6.8
Axes           | 1 2 3 4 5 6 |  6.8
Maces & Flails | 1 2 3 4 5 6 |  6.8
Staves         | 1 2 3 4 5 6 |  6.8
Slings         | 1 2 3 4 5 6 |  6.8
Bows           | 1 2 3 4 5 6 |  6.8
Crossbows      | 1 2 3 4 5 6 |  6.8
Throwing       | 1 2 3 4 5 6 |  6.8
Armour         | 1 2 3 4 5 6 |  6.8
Stealth        | 1 2 3 4 5 6 |  6.8
Shields        | 1 2 3 4 5 6 |  6.8
Unarmed Combat | 1 2 3 4 5 6 |  6.8
Evocations     | 1 2 3 4 5 6 |  6.8
Spellcasting   | 3 4 5 6 7 |  7.4
Conjurations   | 1 2 3 4 5 |  5.6
Hexes          | 1 2 3 4 5 |  5.6
Necromancy     | 1 2 3 4 5 |  5.6
Translocations | 1 2 3 4 5 |  5.6
Transmutations | 1 2 3 4 5 |  5.6
Fire Magic     | 1 2 3 4 5 |  5.6
Ice Magic      | 1 2 3 4 5 |  5.6
Air Magic      | 1 2 3 4 5 |  5.6
Earth Magic    | 1 2 3 4 5 |  5.6
Poison Magic   | 1 2 3 4 5 |  5.6
Fighting       | 3 4 5 6 7 |  7.3
Dodging        | 7 8 9 |  9.5
Polearms       | 9 10 | 10.9

Action                   |  1- 3 |  4- 6 |  7- 9 | 10-12 || total
-------------------------+-------+-------+-------+-------++-------
Melee: Trident           |   114 |       |       |       ||   114
       Bite              |     4 |     6 |    22 |    56 ||    88
       Punch             |     1 |       |     2 |    20 ||    23
       Halberd           |       |   123 |    93 |       ||   216
       Spear             |       |       |   206 |   450 ||   656
       Short sword       |       |       |     7 |       ||     7
Throw: Dart              |       |       |     7 |    18 ||    25
       Javelin           |       |       |     1 |     7 ||     8
 Cast: Summon Small Mamm |    38 |    19 |    13 |       ||    70
       Call Canine Famil |       |     9 |    25 |    22 ||    56
       Summon Ice Beast  |       |       |     5 |    46 ||    51
       Olgreb's Toxic Ra |       |       |       |    13 ||    13
       Summon Lightning  |       |       |       |     3 ||     3
Evoke: Wand              |       |       |       |    13 ||    13
       Lightning rod     |       |       |       |     5 ||     5
  Use: Potion            |     1 |       |     6 |     4 ||    11
       Scroll            |       |     7 |     4 |    16 ||    27
 Stab: Distracted        |     1 |     1 |     1 |     1 ||     4
       Sleeping          |       |    10 |     6 |     1 ||    17
Armor: Robe              |    25 |     6 |       |       ||    31
       Leather armour    |       |    15 |    41 |    79 ||   135
Dodge: Dodged            |    72 |    58 |   129 |   197 ||   456

Table legend: (Time is in decaauts)
 A = Elapsed time spent in this place.
 B = Non-inter-level travel time spent in this place.
 C = Inter-level travel time spent in this place.
 D = Time resting spent in this place.
 E = Time spent auto-exploring this place.
 F = Levels seen in this place.
 G = Mean time per level.
                   A        B        C        D        E       F      G
               +--------+--------+--------+--------+--------+-----+--------+
         Total |  15146 |  13828 |   1318 |   3761 |   7442 |  12 | 1262.2 |
       Dungeon |  14855 |  13625 |   1230 |   3761 |   7240 |  11 | 1350.5 |
        Temple |    290 |    203 |     87 |      0 |    202 |   1 |  290.0 |
               +--------+--------+--------+--------+--------+-----+--------+

Top non-repeatable levels by time:
     D:5: 1674 daAuts
     D:1: 1545 daAuts
     D:4: 1481 daAuts
     D:6: 1425 daAuts
     D:3: 1423 daAuts
    D:10: 1383 daAuts
     D:9: 1345 daAuts
     D:7: 1334 daAuts
     D:8: 1111 daAuts
    D:11: 1110 daAuts
     D:2: 1019 daAuts
  Temple: 290 daAuts
